 Dungeon Crawl Stone Soup version 0.31-a0-716-gc7603755dd (webtiles) character file.

Game seed: 15057486816615909656

472 Ordine the Ruffian (level 7, -2/45 HPs)
             Began as an Octopode Shapeshifter on Sept 9, 2023.
             Was a Follower of Dithmenos.
             Killed by divine providence
             ... invoked by an orc priest
              (10 damage)
             ... on level 5 of the Dungeon.
             The game lasted 00:04:47 (3219 turns).

Ordine the Ruffian (Octopode Shapeshifter)          Turns: 3219, Time: 00:04:48

Health: -2/45      AC:  1    Str: 16    XL:     7   Next: 9%
Magic:  0/7        EV: 13    Int: 18    God:    Dithmenos [*.....]
Gold:   344        SH:  0    Dex: 11    Spells: 6/6 levels left

rFire   . .          .
                       - Unarmed
rCold   . . .        (no shield)
rNeg    . . .        (helmet currently unavailable)
rPois   .            i - amulet of guardian spirit
rElec   .            o - +6 ring of intelligence
rCorr   .            (no ring)
SInv    .            (no ring)
Will    .....        (no ring)
Stlth   ++++         (no ring)
HPRegen 0.27/turn    (no ring)
MPRegen 0.10/turn    (no ring)
                     (no ring)

%: guardian spirit
@: beast-form, wreathed by umbra
A: beast (slay +2), almost no armour, amphibious, 8 rings, camouflage 1,
gelatinous body 1, (nimble swimmer 1), tentacles
a: Begin Untransformation, Renounce Religion


You were on level 5 of the Dungeon.
You worshipped Dithmenos.
Dithmenos was aware of your devotion.
You were a hulking beast.
You visited 1 branch of the dungeon, and saw 5 of its levels.

You collected 344 gold pieces.

Inventory:

Jewellery
 i - an amulet of guardian spirit (around mantle)
 n - a ring of fire
 o - a +6 ring of intelligence (left tentacle)
Talismans
 b - a beast talisman (active)
 c - a flux talisman
Wands
 p - a wand of paralysis (4)
Scrolls
 h - 4 scrolls of identify {unknown}
 j - 3 scrolls of enchant weapon {unknown}
 l - 4 scrolls of teleportation {unknown}
 m - a scroll of fear {unknown}
 q - 2 scrolls of amnesia {unknown}
 t - a scroll of butterflies {unknown}
Potions
 a - 2 potions of lignification
 d - 2 potions of berserk rage {unknown}
 e - 2 potions of haste {unknown}
 f - 3 potions of heal wounds {unknown}
 g - 2 potions of attraction {unknown}
 k - 2 potions of mutation {unknown}
 r - a potion of magic {unknown}
 s - a potion of curing {unknown}
 u - a potion of brilliance {unknown}
 v - 2 potions of enlightenment {unknown}


   Skills:
 + Level 2.9 Fighting
 + Level 3.5 Dodging
 + Level 3.8 Stealth
 * Level 5.1 Unarmed Combat
 + Level 3.9 Shapeshifting


You had 6 spell levels left.
You didn't know any spells.
Your spell library contained the following spells:

 Spells                   Type           Power      Damage    Failure   Level
 Blink                    Tloc           0%         N/A       32%         2
 Manifold Assault         Tloc           0%         N/A       91%         4


Dungeon Overview and Level Annotations

Branches:
Dungeon (5/15)
 Temple: D:4-7

Altars:
Dithmenos


Innate Abilities, Weirdness & Mutations

You are a hulking beast.
Your limbs bulge with bestial killing power. (Slay +2)
You cannot wear most types of armour.
You are amphibious.
You can wear up to eight rings at the same time.
Your skin changes colour to match your surroundings (Stealth+).
Your rubbery body absorbs attacks. (AC +1, EV +1)
((You are camouflaged when in or above water. (Stealth+)))
You have tentacles for arms and can constrict up to eight enemies at once.


Message History

You kill the quokka!
Dithmenos accepts your kill.
No target in view!
No target in view!
You now have 344 gold pieces (gained 13).
v - 2 fuming cyan potions An orc priest comes into view.
It is wielding a +0 hand axe.
An orc priest and an orc come into view.
What are your orders? t - Shout!
Orders for allies: a - Attack new target. r - Retreat! s - Stop attacking. g - Guard the area. f - Follow me.
Anything else - Cancel.
You shout for attention!
The orc priest shouts!
You hear a shout! x2
The teleport trap disappears.
The orc disappears!
The orc priest begins to cast a cantrip, but forgets the words!
The orc priest looks braver for a moment.
The orc priest casts a cantrip, but nothing happens.
An orc wizard comes into view. It is wielding a +0 dagger.
The orc priest mumbles some strange prayers to Beogh against you.
Beogh smites you!
The orc priest invokes the aid of Beogh against you.
Beogh smites you!
You completely miss the orc priest. You grab the orc priest.
You constrict the orc priest.
The orc priest mumbles some strange prayers to Beogh against you.
Beogh smites you!
* * * LOW HITPOINT WARNING * * *
You tentacle-slap the orc priest.
The orc priest is heavily wounded.
You constrict the orc priest.
The orc wizard mumbles some strange words.
The orc wizard flickers and vanishes!
Deactivating autopickup; reactivate with Ctrl-A.
The orc priest hits you with a +0 club.
* * * LOW HITPOINT WARNING * * *
The orc priest calls down the wrath of Beogh upon you.
Beogh smites you!
You die...

......# ......# ......#
..ยง...#######
............# ###....o....#
# #.........# #
#.........#################
.
+..........{ooh..........<#
#
#.........#################
# #.........# # #.........#
# ###########


You could see 2 orc priests.

Vanquished Creatures
  A water moccasin (D:4)
  A phantom (D:4)
  A kobold brigand (D:4)
  2 hounds (D:4)
  4 gnolls
  4 adders
  A worm (D:3)
  4 dart slugs
  9 bats
  4 endoplasms
  A giant cockroach (D:2)
  9 goblins
  5 hobgoblins
  6 jackals (D:1)
  8 kobolds
  8 quokkas
  5 ball pythons
  2 frilled lizards (D:1)
  7 rats
82 creatures vanquished.

Notes
Turn   | Place    | Note
-------+----------+-------------------------------------------
     0 | D:1      | Ordine the Octopode Shapeshifter began the quest for the
                  | Orb.
     0 | D:1      | Reached XP level 1. HP: 13/13 MP: 1/1
    37 | D:1      | Reached XP level 2. HP: 9/18 MP: 2/2
   128 | D:1      | Reached skill level 1 in Stealth
   294 | D:1      | Reached XP level 3. HP: 19/23 MP: 3/3
   793 | D:2      | Reached XP level 4. HP: 7/28 MP: 1/4
  1167 | D:3      | Found a shadowy altar of Dithmenos.
  1179 | D:3      | Became a worshipper of Dithmenos the Shadowed
  2022 | D:4      | Reached skill level 4 in Unarmed Combat
  2022 | D:4      | Reached XP level 5. HP: 22/34 MP: 2/5
  2130 | D:4      | Reached * piety under Dithmenos
  2408 | D:4      | Noticed a phantom
  2419 | D:4      | Killed a phantom
  2420 | D:4      | Reached XP level 6. HP: 29/41 MP: 4/6
  2798 | D:5      | Entered Level 5 of the Dungeon
  2842 | D:5      | Noticed a water moccasin
  2854 | D:4      | Killed a water moccasin
  3083 | D:4      | Reached skill level 5 in Unarmed Combat
  3083 | D:4      | Reached XP level 7. HP: 43/45 MP: 7/7
  3219 | D:5      | Killed from afar by an orc priest

Illustrated notes

Levels and vault maps discovered:
D:1:      ebering_trefoil_twist, layout_basic, moated_statue,
          amcnicky_mini_pool_small, st_stairs_12
D:2:      minmay_diamond_boxcup, layout_basic
D:3:      layout_rooms, mainiacjoe_overflow_paths, minmay_gold_behind_fungi,
          minivault_26
D:4:      layout_cave_pods
D:5:      layout_basic, st_stairs_5, uniq_menkaure

Skill      XL: |  1  2  3  4  5  6 |
---------------+-------------------+-----
Stealth        | 1 2 3 |  3.8
Unarmed Combat | 4 5 |  5.1
Fighting       | 2 |  2.9
Dodging        | 3 |  3.5
Shapeshifting  | |  3.9

Action                     |  1- 3 |  4- 6 |  7- 9 || total
---------------------------+-------+-------+-------++-------
  Melee: Unarmed           |    68 |    94 |    11 ||   173
         Constrict         |    19 |    19 |     4 ||    42
         Tentacles         |     5 |    22 |     3 ||    30
         Punch             |     1 |     3 |       ||     4
   Stab: Sleeping          |     6 |     4 |     2 ||    12
 Armour: Skin              |    33 |    27 |     2 ||    62
  Dodge: Dodged            |    50 |    46 |    10 ||   106

Table legend: (Time is in decaauts)
 A = Elapsed time spent in this place.
 B = Non-inter-level travel time spent in this place.
 C = Inter-level travel time spent in this place.
 D = Time resting spent in this place.
 E = Time spent auto-exploring this place.
 F = Levels seen in this place.
 G = Mean time per level.
                   A        B        C        D        E       F      G
               +--------+--------+--------+--------+--------+-----+--------+
         Total |   3218 |   2873 |    345 |    254 |   2052 |   5 |  643.6 |
       Dungeon |   3218 |   2873 |    345 |    254 |   2052 |   5 |  643.6 |
               +--------+--------+--------+--------+--------+-----+--------+

Top non-repeatable levels by time:
     D:4: 1204 daAuts
     D:3: 663 daAuts
     D:2: 638 daAuts
     D:1: 602 daAuts
     D:5: 109 daAuts
